 Dungeon Crawl Stone Soup version 0.30-a0-29-g142975f185 (webtiles) character file.

Game seed: 6160805542923005318

385 timneilson the Shield-Bearer (level 6, -8/38 HPs)
             Began as a Gargoyle Fighter on Aug 27, 2022.
             Mangled by an ogre
             ... wielding a +0 giant spiked club
              (28 damage)
             ... on level 4 of the Dungeon.
             The game lasted 00:04:30 (2432 turns).

timneilson the Shield-Bearer (Gargoyle Fighter)     Turns: 2432, Time: 00:04:30

Health: -8/38      AC: 14    Str: 22    XL:     6   Next: 77%
Magic:  6/6        EV:  9    Int:  8    God:
Gold:   174        SH:  4    Dex:  9    Spells: 5/5 levels left

rFire   . . .      SeeInvis .    a - +0 long sword
rCold   . . .      Faith    .    c - +0 buckler
rNeg    + . .      Spirit   .    b - +0 scale mail
rPois   ∞          Reflect  .    (no helmet)
rElec   +          Harm     .    f - +0 cloak
rCorr   .          Rampage  .    (no gloves)
Will    .....                    g - +0 pair of boots
Stlth   ..........               (no amulet)
HPRegen 0.12/turn                (no ring)
MPRegen 0.10/turn                (no ring)

@: no status effects
A: sickness immunity, AC +4, negative energy resistance 1, electricity
resistance, torment resistance 1, petrification resistance
a: no special abilities


You were on level 4 of the Dungeon.
You visited 1 branch of the dungeon, and saw 6 of its levels.

You collected 174 gold pieces.

Inventory:

Hand Weapons
 a - a +0 long sword (weapon)
Armour
 b - a +0 scale mail (worn)
 c - a +0 buckler (worn)
 f - a +0 cloak (worn)
 g - a +0 pair of boots (worn)
 j - a +0 plate armour
Wands
 o - a wand of polymorph (4)
Scrolls
 h - 3 scrolls of fog
 n - a scroll of silence
 p - a scroll of vulnerability {unknown}
Potions
 e - 3 potions of attraction {unknown}
 i - a potion of degeneration {unknown}
 k - a potion of invisibility {unknown}
 l - 2 potions of flight {unknown}
 m - a potion of heal wounds {unknown}
 q - 2 potions of lignification {unknown}


   Skills:
 + Level 4.1 Fighting
 * Level 3.4 Long Blades
 * Level 4.7 Armour
 + Level 1.4 Dodging
 * Level 4.8 Shields
 + Level 1.3 Evocations


You had 5 spell levels left.
You didn't know any spells.
Your spell library was empty.

Dungeon Overview and Level Annotations

Branches:
Dungeon (6/15)
 Temple: D:4-7

Altars:
Ru

Shops:
D:1 :

Annotations:
D:2 1 runed translucent door, Crazy Yiuf


Innate Abilities, Weirdness & Mutations

You are immune to sickness and miasma.
Your stone body is resilient. (AC +4)
You are immune to poison.
You resist negative energy. (rN+)
You are resistant to electric shocks. (rElec)
You are resistant to unholy torment.
You are immune to petrification.


Message History

HP restored.
There is a stone staircase leading down here.
Items here: ) ÷ ††.
An ogre comes into view. It is wielding a +0 giant club.
The ogre shouts!
You feel very mighty all of a sudden. The ogre closely misses you.
You slash the ogre!
The ogre is heavily wounded.
The ogre hits you with a +0 giant club!
You slash the ogre!
You kill the ogre!
Things that are here:
a +0 giant club; an ogre corpse You feel a little less mighty now.
An ogre comes into view. It is wielding a +0 giant spiked club.
The ogre shouts!
You hear a shout!
The ogre closely misses you.
You hit the ogre.
The ogre is lightly wounded.
The ogre hits you with a +0 giant spiked club.
You hit the ogre but do no damage.
The ogre is lightly wounded.
The ogre hits you with a +0 giant spiked club!
You hit the ogre.
The ogre is lightly wounded.
You hit the ogre.
The ogre is moderately wounded.
You block the ogre's attack.
You hit the ogre but do no damage.
The ogre is moderately wounded.
You block the ogre's attack.
You hit the ogre.
The ogre is heavily wounded.
The ogre barely misses you.
You hit the ogre.
The ogre is severely wounded.
The ogre hits you with a +0 giant spiked club!!
Ouch! That really hurt!
You die...

# ##### #... ....# ##.#.
###.# #...# ###.####
....# .......# #...#
.#####.# #...# .# #.#
#O..# .# #.# #@..# .#
#.#########...####
.#####..................
.......##...............
..###..##...............
.##....#########...#####
.##.##.# #...# .##.##.#
#...# .......# #...#


You could see an ogre.

Vanquished Creatures
  A black bear (D:6)
  An ogre (D:4)
  A scorpion (D:4)
  2 hounds
  2 adders
  A worm (D:2)
  3 dart slugs (D:1)
  6 orcs
  4 ball pythons
  5 endoplasms
  2 giant cockroaches
  5 goblins
  4 hobgoblins
  7 jackals
  A quokka (D:1)
  A bat (D:1)
  2 frilled lizards
  4 kobolds
  3 rats
55 creatures vanquished.

Notes
Turn   | Place    | Note
-------+----------+-------------------------------------------
     0 | D:1      | timneilson the Gargoyle Fighter began the quest for the
                  | Orb.
     0 | D:1      | Reached XP level 1. HP: 14/14 MP: 1/1
   163 | D:1      | Reached XP level 2. HP: 19/19 MP: 2/2
   414 | D:1      | Found Urghal's Book Boutique.
   501 | D:1      | Reached XP level 3. HP: 20/23 MP: 3/3
  1460 | D:2      | Reached XP level 4. HP: 20/28 MP: 4/4
  1662 | D:2      | Identified the +8 dagger "Mosicoq" {elec, rElec rC- Dex-3
                  | SInv}
  1683 | D:2      | Found a runed translucent door.
  1684 | D:2      | Noticed Crazy Yiuf
  1793 | D:3      | Found a sacrificial altar of Ru.
  1814 | D:3      | You fall into a shaft and drop 3 floors!
  1840 | D:6      | Noticed a black bear
  1857 | D:6      | Killed a black bear
  1858 | D:6      | Reached skill level 1 in Dodging
  1858 | D:6      | Reached XP level 5. HP: 19/33 MP: 5/5
  1865 | D:5      | Entered Level 5 of the Dungeon
  2064 | D:4      | Reached XP level 6. HP: 38/38 MP: 6/6
  2097 | D:4      | Reached skill level 1 in Evocations
  2432 | D:4      | Mangled by an ogre

Illustrated notes

Levels and vault maps discovered:
D:1:      doesnt_arrival_eight_statues, layout_loops_ring, serial_shops,
          nicolae_lakefront_shop
D:2:      layout_rooms, serial_glass, glass_columns_b, glass_columns_a,
          glass_columns_b, glass_columns_a, uniq_crazy_yiuf_cottage
D:3:      layout_rooms, nicolae_gozag_zags_fifth_avenue,
          mainiacjoe_overflow_small_starburst, minmay_splitting_lines
D:4:      layout_loops_cross
D:5:      layout_layer_cave, nicolae_overflow_squiral,
          nicolae_hepliaklqana_hippocampus, serial_bayou_pond_c, uniq_menkaure
D:6:      layout_rooms, minmay_temple_entry_nine_rooms

Skill      XL: |  1  2  3  4  5  6 |
---------------+-------------------+-----
Long Blades    | 2 3 |  3.4
Armour         | 4 |  4.7
Shields        | 4 |  4.8
Dodging        | 1 |  1.4
Fighting       | 4 |  4.1
Evocations     | 1 |  1.3

Action                   |  1- 3 |  4- 6 || total
-------------------------+-------+-------++-------
Melee: Long sword        |   131 |    91 ||   222
  Use: Scroll            |     3 |     2 ||     5
       Potion            |       |     2 ||     2
Armor: Scale mail        |    76 |    65 ||   141
Dodge: Dodged            |    67 |    41 ||   108
Block: Buckler           |    29 |    23 ||    52

Table legend: (Time is in decaauts)
 A = Elapsed time spent in this place.
 B = Non-inter-level travel time spent in this place.
 C = Inter-level travel time spent in this place.
 D = Time resting spent in this place.
 E = Time spent auto-exploring this place.
 F = Levels seen in this place.
 G = Mean time per level.
                   A        B        C        D        E       F      G
               +--------+--------+--------+--------+--------+-----+--------+
         Total |   2501 |   2459 |     42 |     29 |   1761 |   6 |  416.8 |
       Dungeon |   2501 |   2459 |     42 |     29 |   1761 |   6 |  416.8 |
               +--------+--------+--------+--------+--------+-----+--------+

Top non-repeatable levels by time:
     D:1: 990 daAuts
     D:2: 847 daAuts
     D:4: 391 daAuts
     D:5: 194 daAuts
     D:6: 56 daAuts
     D:3: 21 daAuts
